 Dungeon Crawl Stone Soup version 0.26-a0-737-g4e9f4955e2 (webtiles) character file.

Game seed: 15953181721268508033

184 Ijustatesigmund the Cudgeler (level 5, 0/34 HPs)
             Began as a Gargoyle Fighter on Nov 4, 2020.
             Blown up by Ijyb (20 damage)
             ... with a disintegration bolt
             ... on level 4 of the Dungeon.
             The game lasted 00:03:29 (2477 turns).

Ijustatesigmund the Cudgeler (Gargoyle Fighter)     Turns: 2477, Time: 00:03:29

Health: 0/34       AC: 14    Str: 19    XL:     5   Next: 63%
Magic:  0/5        EV:  7    Int:  9    God:
Gold:   174        SH:  9    Dex: 10    Spells: 4/4 levels left

rFire    . . .     SeeInvis .   a - +0 flail
rCold    . . .     Faith    .   c - +0 kite shield
rNeg     + . .     Spirit   +   b - +0 scale mail (curse)
rPois    ∞         Reflect  .   j - +0 helmet
rElec    +         Harm     .   o - +1 cloak
rCorr    .         Rampage  .   (no gloves)
MR       .....     Rnd*Tele +   (no boots)
Stlth    ..........             g - amulet of guardian spirit
HPRegen  0.11/turn              (no ring)
MPRegen  0.09/turn              (no ring)

@: no status effects
A: negative energy resistance 1, electricity resistance, teleportitis 1,
unbreathing, petrification resistance, rot immunity, MP-powered wands, AC +4
a: no special abilities


You were on level 4 of the Dungeon.
You visited 1 branch of the dungeon, and saw 4 of its levels.

You collected 174 gold pieces.

Inventory:

Hand Weapons
 a - a +0 flail (weapon)
Armour
 b - a cursed +0 scale mail (worn)
 c - a +0 kite shield (worn)
 j - a +0 helmet (worn)
 o - a +1 cloak (worn)
Jewellery
 g - an amulet of guardian spirit (around neck)
Scrolls
 e - a scroll of magic mapping {unknown}
 f - 3 scrolls of teleportation
 k - a scroll of amnesia {unknown}
Potions
 d - a potion of might
 h - a potion of haste
 i - a potion of berserk rage
 l - a potion of invisibility
 m - 2 potions of ambrosia {unknown}
 n - a potion of curing {unknown}


   Skills:
 + Level 4.7 Fighting
 * Level 4.7 Maces & Flails
 - Level 3.2 Armour
 - Level 3.2 Shields


You had 4 spell levels left.
You didn't know any spells.
Your spell library was empty.

Dungeon Overview and Level Annotations

Branches:
Dungeon (4/15)
 Temple: D:4-7

Altars:
Makhleb
Wu Jian

Annotations:
D:4 Ijyb


Innate Abilities, Weirdness & Mutations

You are resistant to torment.
Your stone body is resilient. (AC +4)
You are immune to poison.
You resist negative energy. (rN+)
You are resistant to electric shocks. (rElec)
You can survive without breathing.
You are immune to petrification.
You are immune to rotting.
You are occasionally teleported next to monsters.
You expend magic power (3 MP) to strengthen your wands.


Message History

Ijyb is heavily wounded.
You block Ijyb's attack.
An adder comes into view.
You miss Ijyb.
Ijyb is heavily wounded.
Ijyb hits you but does no damage.
You completely miss Ijyb.
Ijyb is heavily wounded.
You block Ijyb's attack.
You closely miss Ijyb.
Ijyb is heavily wounded.
Ijyb hits you but does no damage.
You closely miss Ijyb.
Ijyb is heavily wounded.
Ijyb closely misses you.
You hit Ijyb but do no damage.
Ijyb is heavily wounded.
The adder bites you but does no damage.
Ijyb zaps a wand.
You are blasted!
Ouch! That really hurt!
You die...

#######.###
#.........#
#.........#
####.........#
.............#
.............#
.#.........#.#
......g@.....###.#
......S..........#
.#...######..#####
...#.........# .#
#.#####...#
#####...#
....>....#
######...#
........#


You could see Ijyb and an adder.

Vanquished Creatures
  Crazy Yiuf (D:3)
  Natasha (twice) (D:3)
  3 gnolls (D:2)
  2 adders
  3 worms (D:2)
  A dart slug (D:1)
  4 orcs (D:3)
  2 ball pythons (D:3)
  8 bats
  2 giant cockroaches
  4 goblins
  4 hobgoblins
  4 frilled lizards
  6 kobolds
  7 rats
53 creatures vanquished.

Vanquished Creatures (others)
  4 plants (D:3)
4 creatures vanquished.

Grand Total: 57 creatures vanquished

Notes
Turn   | Place    | Note
-------+----------+-------------------------------------------
     0 | D:1      | Ijustatesigmund the Gargoyle Fighter began the quest for
                  | the Orb.
     0 | D:1      | Reached XP level 1. HP: 14/14 MP: 1/1
   105 | D:1      | Reached XP level 2. HP: 19/19 MP: 2/2
   729 | D:2      | Reached XP level 3. HP: 17/24 MP: 3/3
  1230 | D:2      | Reached XP level 4. HP: 29/29 MP: 4/4
  1297 | D:2      | Gained mutation: You are occasionally teleported next to
                  | monsters. [potion of mutation]
  1297 | D:2      | Gained mutation: You expend magic power (3 MP) to
                  | strengthen your wands. [potion of mutation]
  1508 | D:2      | Found a burning altar of Makhleb.
  1833 | D:3      | Noticed Natasha
  1841 | D:3      | Killed Natasha
  1921 | D:3      | Reached XP level 5. HP: 34/34 MP: 5/5
  1977 | D:3      | Found an ornate altar of the Wu Jian Council.
  2026 | D:3      | Noticed Natasha
  2033 | D:3      | Killed Natasha
  2050 | D:3      | Found a faded altar of an unknown god.
  2226 | D:3      | Found a runed translucent door.
  2227 | D:3      | Noticed Crazy Yiuf
  2236 | D:3      | Killed Crazy Yiuf
  2463 | D:4      | Noticed Ijyb
  2477 | D:4      | Blown up by Ijyb

Illustrated notes

Levels and vault maps discovered:
D:1:      dpeg_arrival_prison, layout_rooms
D:2:      layout_loops_ring, bloody_makhleb
D:3:      layout_rooms, lemuel_doored_altar, chequers_ecumenical_altar_lobes,
          uniq_crazy_yiuf_cottage, uniq_natasha
D:4:      layout_basic, uniq_ijyb, uniq_menkaure

Skill      XL: |  1  2  3  4 |
---------------+-------------+-----
Maces & Flails | 3 4 |  4.7
Fighting       | 4 |  4.7
Armour         | |  3.2
Shields        | |  3.2

Action                   |  1- 3 |  4- 6 || total
-------------------------+-------+-------++-------
Melee: Flail             |    96 |   113 ||   209
       Unarmed           |       |     3 ||     3
  Use: Scroll            |       |     5 ||     5
       Potion            |       |     1 ||     1
Armor: Scale mail        |    47 |    56 ||   103
       Skin              |       |     1 ||     1
Dodge: Dodged            |    27 |    58 ||    85
Block: Kite shield       |    54 |    69 ||   123

Table legend: (Time is in decaauts)
 A = Elapsed time spent in this place.
 B = Non-inter-level travel time spent in this place.
 C = Inter-level travel time spent in this place.
 D = Time resting spent in this place.
 E = Time spent auto-exploring this place.
 F = Levels seen in this place.
 G = Mean time per level.
                   A        B        C        D        E       F      G
               +--------+--------+--------+--------+--------+-----+--------+
         Total |   2537 |   2450 |     87 |      0 |   1967 |   4 |  634.2 |
       Dungeon |   2537 |   2450 |     87 |      0 |   1967 |   4 |  634.2 |
               +--------+--------+--------+--------+--------+-----+--------+

Top non-repeatable levels by time:
     D:2: 1134 daAuts
     D:3: 710 daAuts
     D:1: 556 daAuts
     D:4: 136 daAuts
